 Dungeon Sprint DCSS version 0.26-a0-1181-gd376ed14c5 (webtiles) character file.

Game seed: 1018043429352226562

72 rocky1 the Geomancer (level 4, -3/24 HPs)
             Began as a Gargoyle Earth Elementalist on Dec 26, 2020.
             Was a Priest of Sif Muna.
             Slain by a flying skull (11 damage)
             ... in the Dungeon (Sprint VII: "The Pits").
             The game lasted 00:02:34 (237 turns).

rocky1 the Geomancer (Gargoyle Earth Elementalist)   Turns: 237, Time: 00:02:35

Health: -3/24      AC:  5    Str: 12    XL:     4   Next: 26%
Magic:  2/9        EV: 12    Int: 16    God:    Sif Muna [***...]
Gold:   0          SH:  0    Dex: 10    Spells: 5/9 levels left

rFire    . . .     SeeInvis .   n - +2 flail (protect)
rCold    . . .     Faith    .   (no shield)
rNeg     + . .     Spirit   .   c - +0 robe
rPois    ∞         Reflect  .   (no helmet)
rElec    +         Harm     .   (no cloak)
rCorr    .         Rampage  .   (no gloves)
Will     .....     NoTele   +   (no boots)
Stlth    ++........             (no amulet)
HPRegen  0.08/turn              (no ring)
MPRegen  0.11/turn              (no ring)

@: hasted, very quick
A: negative energy resistance 1, electricity resistance, unbreathing,
petrification resistance, miasma immunity, AC +3
a: Renounce Religion, Channel Magic, Forget Spell


You were in the Dungeon.
You worshipped Sif Muna.
Sif Muna was most pleased with you.
You visited 1 branch

Inventory:

Hand Weapons
 n - a +2 flail of protection (weapon)
Missiles
 b - 15 stones (quivered)
Armour
 c - a +0 robe (worn)
Scrolls
 i - a scroll of blinking
 j - 3 scrolls of remove curse
 k - 5 scrolls of amnesia
 l - a scroll of summoning
Potions
 a - 2 potions of invisibility
 d - 6 potions of curing
 e - 2 potions of heal wounds
 g - 2 potions of magic
 h - 3 potions of berserk rage


   Skills:
 - Level 1.5 Dodging
 - Level 2.1 Stealth
 + Level 3.4 Spellcasting
 - Level 0.7 Transmutations
 + Level 9.5 Earth Magic


You had 5 spell levels left.
You knew the following spells:

 Your Spells              Type           Power        Failure   Level
a - Sandblast             Erth           66%          1%          1
b - Stone Arrow           Conj/Erth      34%          8%          3

Your spell library contained the following spells:

 Spells                   Type           Power        Failure   Level
 Passwall                 Tmut/Erth      15%          3%          2
 Lee's Rapid Deconstruct  Erth           16%          10%         5
 Petrify                  Tmut/Erth      19%          22%         4


Dungeon Overview and Level Annotations

Branches:
Dungeon (1/1)

Altars:
Ashenzari
Cheibriados
Dithmenos
Elyvilon
Fedhas
Gozag
Hepliaklqana
Kikubaaqudgha
Makhleb
Nemelex Xobeh
Okawaru
Qazlal
Ru
Sif Muna
Trog
Uskayaw
Vehumet
Wu Jian
Xom
Yredelemnul
Zin
The Shining One
Beogh
Jiyva
Lugonu


Innate Abilities, Weirdness & Mutations

You are resistant to torment.
Your stone body is resilient. (AC +3)
You are immune to poison.
You resist negative energy. (rN+)
You are resistant to electric shocks. (rElec)
You can survive without breathing.
You are immune to petrification.
You are immune to miasma.


Message History

The blast of sand misses the flying skull.
The blast of sand hits the hound!!
You kill the hound!
Sif Muna accepts your kill.
b - 16 stones The flying skull barely misses you.
Your Spellcasting skill increases to level 3!
Your Earth Magic skill increases to level 9!
You have reached level 4!
You feel stronger.
Casting: Sandblast (safe; 1% risk of failure)
Confirm with . or Enter, or press ? or * to list all spells.
Aiming: Sandblast (safe; 1% risk of failure)
Press: ? - help, Shift-Dir - straight line, f/p - flying skull
Aim: a flying skull (heavily damaged, 34% to evade)
The blast of sand hits the flying skull.
The flying skull is severely damaged.
b - 15 stones The flying skull hits you!
You die...

##########'##.....
#.?..')))'.##.....
##########.##.....
#.........†.'.....
#'#####'#####.....
#.#...#†#..##.....
#.#...#.#))#####'#
#.#..††.#))##.....
#@##'####))##.....
#z#.....#[[##.....
#5#.....#'###...<.
#.#........##.....
#.#........##.....
#'###########.....
#..# ###### #...z
##.#K#


You could see a flying skull and an iron imp.

Vanquished Creatures
  A hound (D)
  A quasit (D)
  2 leopard geckos (D)
  An orc (D)
  A bat skeleton (D)
  A goblin (D)
  A quokka (D)
  2 bats (D)
  2 frilled lizards (D)
  A kobold (D)
13 creatures vanquished.

Notes
Turn   | Place    | Note
-------+----------+-------------------------------------------
     0 | D        | rocky1 the Gargoyle Earth Elementalist began the quest for
                  | the Orb.
     0 | D        | Reached XP level 1. HP: 10/10 MP: 3/3
    13 | D        | Reached skill level 4 in Earth Magic
    41 | D        | Found a bloodstained altar of Trog.
    41 | D        | Found a shimmering blue altar of Sif Muna.
    41 | D        | Found a viscous altar of Jiyva.
    41 | D        | Found a hazy altar of Hepliaklqana.
    41 | D        | Found an opulent altar of Gozag.
    42 | D        | Found a glowing golden altar of the Shining One.
    42 | D        | Found a glowing silver altar of Zin.
    42 | D        | Found a basalt altar of Yredelemnul.
    42 | D        | Found a shimmering altar of Xom.
    42 | D        | Found an ornate altar of the Wu Jian Council.
    42 | D        | Found a sacrificial altar of Ru.
    42 | D        | Found a stormy altar of Qazlal.
    42 | D        | Found an iron altar of Okawaru.
    42 | D        | Found a sparkling altar of Nemelex Xobeh.
    42 | D        | Found a burning altar of Makhleb.
    42 | D        | Found a blossoming altar of Fedhas.
    42 | D        | Found a white marble altar of Elyvilon.
    42 | D        | Found a shadowy altar of Dithmenos.
    42 | D        | Found a snail-covered altar of Cheibriados.
    45 | D        | Found a corrupted altar of Lugonu.
    45 | D        | Found a radiant altar of Vehumet.
    45 | D        | Found a roughly hewn altar of Beogh.
    46 | D        | Found an ancient bone altar of Kikubaaqudgha.
    46 | D        | Found a hide-covered altar of Uskayaw.
    46 | D        | Found a broken altar of Ashenzari.
    47 | D        | Became a worshipper of Sif Muna the Loreminder
    60 | D        | Reached skill level 5 in Earth Magic
    67 | D        | Reached * piety under Sif Muna
    69 | D        | Reached XP level 2. HP: 15/15 MP: 1/5
   106 | D        | Reached skill level 6 in Earth Magic
   111 | D        | Reached ** piety under Sif Muna
   115 | D        | Reached skill level 8 in Earth Magic
   115 | D        | Reached XP level 3. HP: 15/19 MP: 2/6
   181 | D        | Learned a level 3 spell: Stone Arrow
   202 | D        | Noticed a flying skull
   227 | D        | Reached *** piety under Sif Muna
   237 | D        | Reached skill level 9 in Earth Magic
   237 | D        | Reached XP level 4. HP: 8/24 MP: 3/9
   237 | D        | Slain by a flying skull

Illustrated notes

Levels and vault maps discovered:
D:        pitsprint [storerooms_1, entrance_room_1, metal_vault_8, armoury_2,
          mini_pit_1, grid_room_1, main_hall_1, silver_pit, the_coven_2,
          the_vestibule_1, steel_vault_3, golden_pit, hallway_of_sentries,
          crystal_vault_2, iron_vault_3, final_vault]

Skill      XL: |  1  2  3 |
---------------+----------+-----
Earth Magic    | 5 8 9 |  9.5
Spellcasting   | 3 |  3.4
Dodging        | |  1.5
Stealth        | |  2.1
Transmutations | |  0.7

Action                   |  1- 3 |  4- 6 || total
-------------------------+-------+-------++-------
Melee: Mace              |     5 |       ||     5
       Flail             |     2 |       ||     2
 Cast: Sandblast         |    24 |     1 ||    25
  Use: Potion            |     7 |       ||     7
Armor: Robe              |     6 |       ||     6
Dodge: Dodged            |    26 |       ||    26

Table legend: (Time is in decaauts)
 A = Elapsed time spent in this place.
 B = Non-inter-level travel time spent in this place.
 C = Inter-level travel time spent in this place.
 D = Time resting spent in this place.
 E = Time spent auto-exploring this place.
 F = Levels seen in this place.
 G = Mean time per level.
                   A        B        C        D        E       F      G
               +--------+--------+--------+--------+--------+-----+--------+
         Total |    237 |    237 |      0 |     46 |      0 |   1 |  237.0 |
       Dungeon |    237 |    237 |      0 |     46 |      0 |   1 |  237.0 |
               +--------+--------+--------+--------+--------+-----+--------+

Top non-repeatable levels by time:
       D: 237 daAuts
